 Dungeon Crawl Stone Soup version 0.29-a0-350-g7790a0e70a (webtiles) character file.

Game seed: 10878778569168694179

2 spaghetti the Insei (level 1, 1/17 HPs)
             Began as a Gnoll Transmuter on Apr 22, 2022.
             Quit the game on level 1 of the Dungeon.
             The game lasted 00:00:49 (65 turns).

spaghetti the Insei (Gnoll Transmuter)                Turns: 65, Time: 00:00:49

Health: 1/17       AC:  2    Str:  9    XL:     1   Next: 40%
Magic:  6/6        EV: 13    Int: 12    God:
Gold:   25         SH:  0    Dex: 12    Spells: 8/9 levels left

rFire   . . .      SeeInvis .     - Unarmed
rCold   . . .      Faith    .   (no shield)
rNeg    . . .      Spirit   .   a - +0 robe
rPois   .          Reflect  .   (no helmet)
rElec   .          Harm     .   (no cloak)
rCorr   .          Rampage  .   (no gloves)
Will    .....                   (no boots)
Stlth   +.........              (no amulet)
HPRegen 0.05/turn               (no ring)
MPRegen 0.10/turn               (no ring)

@: no status effects
A: fangs 1, strong nose, distributed training
a: no special abilities


You were on level 1 of the Dungeon.
You visited 1 branch of the dungeon, and saw 1 of its levels.

You collected 25 gold pieces.


Innate Abilities, Weirdness & Mutations

You have very sharp teeth.
Your uncanny sense of smell can sniff out nearby items.
Your experience applies equally to all skills.


   Skills:
 + Level 2.3 Fighting
 + Level 0.0 Short Blades
 + Level 0.0 Long Blades
 + Level 0.0 Axes
 + Level 0.0 Maces & Flails
 + Level 0.0 Polearms
 + Level 0.0 Staves
 + Level 0.0 Slings
 + Level 0.0 Bows
 + Level 0.0 Crossbows
 + Level 0.0 Throwing
 + Level 0.0 Armour
 + Level 4.4 Dodging
 + Level 0.0 Stealth
 + Level 0.0 Shields
 + Level 6.4 Unarmed Combat
 + Level 4.8 Spellcasting
 + Level 0.0 Conjurations
 + Level 0.0 Hexes
 + Level 0.0 Summonings
 + Level 0.0 Necromancy
 + Level 0.0 Translocations
 + Level 3.6 Transmutations
 + Level 0.0 Fire Magic
 + Level 0.0 Ice Magic
 + Level 0.0 Air Magic
 + Level 0.0 Earth Magic
 + Level 0.0 Poison Magic
 + Level 0.1 Invocations
 + Level 0.0 Evocations


You had 8 spell levels left.
You knew the following spells:

 Your Spells              Type           Power      Damage    Failure   Level
a - Beastly Appendage     Tmut           22%        N/A       4%          1

Your spell library contained the following spells:

 Spells                   Type           Power      Damage    Failure   Level
 Wereblood                Tmut           11%        N/A       7%          2
 Spider Form              Tmut/Pois      7%         N/A       28%         3
 Ice Form                 Ice/Tmut       7%         N/A       67%         4

Inventory:

Armour
 a - a +0 robe (worn)
Potions
 b - a potion of lignification {!q}
 c - a potion of brilliance {unknown}

Dungeon Overview and Level Annotations

Branches:
Dungeon (1/15)

Altars:

Shops:
D:1

!* ####################
.##...................
.....8.∩.>.8.#....#####.
............+..K........
............##.)@.......
..........#######K......
............... .......
...........#... .#.....
...........+ .. .......
.##........#... .. ....
+............ ... ... .
#............ #.. #.. .
#............


You could see 2 kobolds.


Message History

🤖 Initializing magus.rc ...
Options error: Delay interrupt name "hungry" not recognised. (~/.crawlrc:4761) Options error: Bad monster_list_colour key: strict_neutral (~/.crawlrc:4776) ✅ Successfully initialized magus.rc [v1.9.6] Welcome, spaghetti the Gnoll Transmuter.
You feel drawn to the Orb of Zot, downwards into the unfathomable depths...
Press ? for a list of commands and other information.
Found a staircase leading out of the dungeon.
Okay, then.
c - a golden potion You now have 7 gold pieces.
You open the door.
Found Jettulli's Distillery.
There is an open door here.
There is an entrance to Jettulli's Distillery here.
Found Hugur's General Store.
Found an escape hatch in the floor.
You now have 25 gold pieces (gained 18).
There is an entrance to Hugur's General Store here.
A bat and a kobold come into view.
The kobold shouts!
You hear a shout! x2
A kobold comes into view. It is wielding a +0 club.
There are monsters nearby!
There are monsters nearby!
There are monsters nearby!
The bat hits you but does no damage. The bat misses you.
The kobold hits you but does no damage.
You hit the bat but do no damage. The bat closely misses you.
You hit the bat.
You kill the bat!
The kobold hits you with a +0 short sword.
The kobold hits you with a +0 club. 😕 HP[-4]
You take 4 damage, and now have 13/17 hp.
MASSIVE DAMAGE!! (PAUSE) Unknown command.
You are too injured to fight recklessly!
You closely miss the kobold. The kobold closely misses you.
The kobold misses you.
You closely miss the kobold. You bite the kobold, but do no damage.
The kobold misses you. The kobold closely misses you.
You closely miss the kobold.
A kobold comes into view. It is wielding a +0 club.
The kobold closely misses you. x2
You closely miss the kobold. Your bite misses the kobold.
The kobold hits you with a +0 short sword.
The kobold completely misses you. 😮 HP[-3]
You take 3 damage, and now have 10/17 hp.
You closely miss the kobold. You punch the kobold, but do no damage.
The kobold barely misses you. The kobold closely misses you.
You hit the kobold but do no damage.
The kobold hits you with a +0 short sword.
The kobold barely misses you. 😮 HP[-1]
You take 1 damage, and now have 9/17 hp.
You hit the kobold but do no damage. 😮 HP[+1]
You hit the kobold.
You kill the kobold!
The kobold barely misses you. The kobold barely misses you.
You see here a +0 club {mace}.
The kobold hits you with a +0 short sword.
* * * LOW HITPOINT WARNING * * *
😨 HP[-4]
You take 4 damage, and now have 6/17 hp.
MASSIVE DAMAGE!! (PAUSE) Unknown command.
You barely miss the kobold. The kobold barely misses you.
The kobold hits you with a +0 short sword.
* * * LOW HITPOINT WARNING * * *
😱 HP[-5]
You take 5 damage, and now have 1/17 hp.
MASSIVE DAMAGE!! (PAUSE) Unknown command.
Are you sure you want to abandon this character and quit the game? (Confirm with "yes".)

Action                   || total
-------------------------++-------
Melee: Unarmed           ||    11
       Punch             ||     1
       Bite              ||     1
Armor: Robe              ||     2
Dodge: Dodged            ||    15

Levels and vault maps discovered:
D:1:      wander_arrival_lonely_grave, layout_basic,
          dreamdust_ecumenical_altar_sealed_demon, serial_shops,
          nicolae_shop_stone, shop, shop_statue, nicolae_shop_waterfront

Notes
Turn   | Place    | Note
-------+----------+-------------------------------------------
     0 | D:1      | spaghetti the Gnoll Transmuter began the quest for the Orb.
     0 | D:1      | Reached XP level 1. HP: 17/17 MP: 6/6
     0 | D:1      | magus.rc [v1.9.6]
    17 | D:1      | Found Jettulli's Distillery.
    36 | D:1      | Found Hugur's General Store.
    64 | D:1      | HP: 1/17 [kobold/+0 short sword (5)]
    65 | D:1      | Quit the game

Vanquished Creatures
  A bat (D:1)
  A kobold (D:1)
2 creatures vanquished.

Table legend:
 A = Non-vault XP
 B = Vault XP
 C = Vault XP percentage of total XP
 D = Non-vault monster count
 E = Vault monster count
 F = Vault count percentage of total count
                 A         B        C        D         E       F
            +---------+---------+-------+---------+---------+-------
      Total |       4 |       0 |   0.0 |       2 |       0 |   0.0
            +---------+---------+-------+---------+---------+-------
        D:1 |       4 |       0 |   0.0 |       2 |       0 |   0.0
            +---------+---------+-------+---------+---------+-------

Illustrated notes

Table legend:
 A = Kills in this place as a percentage of kills in entire the game.
 B = Kills by you in this place as a percentage of kills by you in the entire game.
 C = Kills by friends in this place as a percentage of kills by friends in the entire game.
 D = Other kills in this place as a percentage of other kills in the entire game.
 E = Experience gained in this place as a percentage of experience gained in the entire game.
 F = Experience gained in this place divided by the number of levels of this place that you have seen.
                   A       B       C       D       E      F
               +-------+-------+-------+-------+-------+----------------------
         Total | 100.0 | 100.0 |   N/A |   N/A | 100.0 |   4.0
       Dungeon | 100.0 | 100.0 |   N/A |   N/A | 100.0 |   4.0
               +-------+-------+-------+-------+-------+----------------------

Table legend: (Time is in decaauts)
 A = Elapsed time spent in this place.
 B = Non-inter-level travel time spent in this place.
 C = Inter-level travel time spent in this place.
 D = Time resting spent in this place.
 E = Time spent auto-exploring this place.
 F = Levels seen in this place.
 G = Mean time per level.
                   A        B        C        D        E       F      G
               +--------+--------+--------+--------+--------+-----+--------+
         Total |     63 |     63 |      0 |      0 |     46 |   1 |   63.0 |
       Dungeon |     63 |     63 |      0 |      0 |     46 |   1 |   63.0 |
               +--------+--------+--------+--------+--------+-----+--------+

Top non-repeatable levels by time:
     D:1: 63 daAuts
